 Dungeon Crawl Stone Soup version 0.21.1-1-g345015f (webtiles) character file.

86 letownia2 the Conjurer (level 4, -3/24 HPs)
             Began as a Tengu Conjurer on Mar 5, 2018.
             Killed by divine providence
             ... invoked by an orc priest
              (13 damage)
             ... on level 4 of the Dungeon.
             The game lasted 00:01:57 (400 turns).

letownia2 the Conjurer (Tengu Conjurer)              Turns: 400, Time: 00:01:58

Health: -3/24      AC:  2    Str:  9    XL:     4   Next: 49%
Magic:  6/9        EV: 12    Int: 16    God:
Gold:   41         SH:  0    Dex: 14    Spells: 6/9 levels left

rFire    . . .     SeeInvis .   f - +0 short sword
rCold    . . .     Gourm    .   (no shield)
rNeg     . . .     Faith    .   a - +0 robe
rPois    .         Spirit   .   (helmet restricted)
rElec    .         Reflect  .   (no cloak)
rCorr    .         Harm     .   (no gloves)
MR       .....                  (boots unavailable)
Stlth    ++........             (no amulet)
HPRegen  0.08/turn              (no ring)
MPRegen  0.11/turn              (no ring)

@: no status effects
A: beak, talons 3
a: no special abilities


You were on level 4 of the Dungeon.
You were not hungry.

You visited 1 branch of the dungeon, and saw 4 of its levels.

You collected 41 gold pieces.

Inventory:

Hand Weapons
 f - a +0 short sword (weapon)
Armour
 a - a +0 robe (worn)
 e - a +0 ring mail
Scrolls
 d - 2 scrolls of teleportation {unknown}
 h - 2 scrolls of enchant armour {unknown}
 i - a scroll of amnesia {unknown}
Potions
 g - 2 potions of curing {unknown}
 j - a potion of cancellation {unknown}
Books
 b - a book of Conjurations

   Spells                             Type                      Level
   a - Magic Dart                     Conjuration                  1
   b - Searing Ray                    Conjuration                  2
   c - Dazzling Spray                 Conjuration/Hexes            3
   d - Fulminant Prism                Conjuration/Hexes            4
   e - Force Lance                    Conjuration/Translocation    4
   f - Iskenderun's Mystic Blast      Conjuration                  4
Comestibles
 c - a ration


   Skills:
 - Level 2.1 Dodging
 - Level 2.0 Stealth
 + Level 3.3 Spellcasting
 + Level 6.6 Conjurations


You had 6 spell levels left.
You knew the following spells:

 Your Spells              Type           Power        Failure   Level  Hunger
a - Magic Dart            Conj           ###.         1%          1    None
l - Searing Ray           Conj           ###...       1%          2    ##.....


Dungeon Overview and Level Annotations

Branches:
Dungeon (4/15)
 Temple: D:4-7

Altars:
The Shining One


Innate Abilities, Weirdness & Mutations

You have a beak for a mouth.
You have claws for feet.


Message History

The searing ray hits the ooze.
You kill the ooze!
The searing ray misses the orc priest.
You finish channeling your searing ray.
The orc priest looks braver for a moment.
You see here a club.
The orc barely misses you. The orc barely misses you.
The orc hits you from afar with a trident!
You hear the slow rusting of a very distant drain.
You see here a club.
The orc shouts!
You hear a shout!
The orc throws a tomahawk.
The tomahawk barely misses you.
An orc priest comes into view. It is wielding a short sword.
You see here a tomahawk.
The orc priest looks braver for a moment.
Unknown command.
The orc priest calls down the wrath of Beogh upon you.
Beogh smites you!
Ouch! That really hurt!
You die...

..../. o# ......
.#######
.....?#####.......#
.........##.......#
.........##.......#
.........##.......#
#.......!.......##
#.....##.##..## .#
##.....##@....###.###
...[........o.o..._...
##########(####...#.#.
##........o.#####.##.#
#..##.#.#.####.......#
#.##o###### #.......#
#..##.#.#.# ##.......#
##..##o#.##..........#
##.#####o#..........#


You could see an orc priest and 2 orcs.

Vanquished Creatures
  An orc priest (D:4)
  A worker ant (D:4)
  2 adders (D:2)
  An ooze (D:4)
  A dart slug (D:3)
  A giant cockroach (D:4)
  A hobgoblin (D:2)
  3 kobolds (D:3)
  A bat (D:3)
12 creatures vanquished.

Notes
Turn   | Place    | Note
-------+----------+-------------------------------------------
     0 | D:1      | letownia2 the Tengu Conjurer began the quest for the Orb.
     0 | D:1      | Reached XP level 1. HP: 10/10 MP: 4/4
    32 | D:2      | Reached XP level 2. HP: 10/15 MP: 0/6
    65 | D:2      | Learned a level 2 spell: Searing Ray
   141 | D:3      | Reached XP level 3. HP: 17/19 MP: 2/7
   189 | D:3      | Reached skill level 6 in Conjurations
   290 | D:4      | Found a glowing golden altar of the Shining One.
   338 | D:4      | Reached XP level 4. HP: 20/24 MP: 5/9
   400 | D:4      | Killed from afar by an orc priest

Skill      XL: |  1  2  3 |
---------------+----------+-----
Conjurations   | 6 |  6.6
Spellcasting   | 3 |  3.3
Dodging        | |  2.1
Stealth        | |  2.0

Action                   |  1- 3 |  4- 6 || total
-------------------------+-------+-------++-------
Melee: Unarmed           |     2 |       ||     2
       Kick              |     1 |       ||     1
 Cast: Magic Dart        |    18 |       ||    18
       Searing Ray       |     2 |     1 ||     3
 Stab: Sleeping          |     1 |       ||     1
Armor: Robe              |     4 |     1 ||     5
Dodge: Dodged            |    10 |     7 ||    17
